TOP OF THE 1ST |
Charlotte Knights batting - Pitching for Columbus Clippers : RHP Matt Zambon
|
Pitching: RHP Matt Zambon
|
|
Batting: RHB Jeremy Hoffert
|
0-0: Ball 1-0: Called Strike 1-1: Ball 2-1: Called Strike 2-2: Foul Ball, location: 2F 2-2: Ball 3-2: Foul Ball, location: 2F 3-2: Ground out 5-3 (Groundball, 56, EV 92.5 MPH)
|
Batting: SHB Ruben Velasco Jr.
|
0-0: Ball 1-0: Ball 2-0: Swinging Strike 2-1: Foul Ball, location: 2F 2-2: Ball 3-2: Ground out 5-3 (Groundball, 5, EV 103.1 MPH)
|
Batting: LHB Justin Stickney
|
0-0: Foul Ball, location: 2F 0-1: Foul Ball, location: 2F 0-2: Ball 1-2: Ball 2-2: Ball 3-2: Foul Ball, location: 2F 3-2: Foul Ball, location: 2F 3-2: Ground out 1-3 (Groundball, 13S, EV 66.9 MPH)
|
Top of the 1st over - 0 runs, 0 hits, 0 errors, 0 left on base; Charlotte 0 - Columbus 0 |
BOTTOM OF THE 1ST |
Columbus Clippers batting - Pitching for Charlotte Knights : LHP Joel Beery
|
Pitching: LHP Joel Beery
|
|
Batting: SHB Scott Scott
|
0-0: Ball 1-0: Ball 2-0: Ball 3-0: Called Strike 3-1: SINGLE (Groundball, 6D, EV 107.5 MPH)
|
Batting: RHB Mike Quackenbush
|
0-0: Ball 1-0: Called Strike 1-1: Ball Scott Scott is caught stealing 2nd base 2-4 2-1: Ball 3-1: Called Strike 3-2: Foul Ball, location: 2F 3-2: Ground out 6-3 (Groundball, 6, EV 78.1 MPH)
|
Batting: LHB Zack Berney
|
0-0: Ball 1-0: Ground out U3 (Groundball, 3, EV 81.2 MPH)
|
Bottom of the 1st over - 0 runs, 1 hit, 0 errors, 0 left on base; Charlotte 0 - Columbus 0 |
TOP OF THE 2ND |
Charlotte Knights batting - Pitching for Columbus Clippers : RHP Matt Zambon
|
Batting: LHB Ricardo Pagan
|
0-0: Swinging Strike 0-1: Swinging Strike 0-2: Ball 1-2: Ball 2-2: Strikes out swinging
|
Batting: RHB Mike Warzecha
|
0-0: Ball 1-0: Ground out 1-3 (Groundball, 13S, EV 71.9 MPH)
|
Batting: RHB Micah Brown
|
0-0: Ball 1-0: Ground out 6-3 (Groundball, 56, EV 85.0 MPH)
|
Top of the 2nd over - 0 runs, 0 hits, 0 errors, 0 left on base; Charlotte 0 - Columbus 0 |
BOTTOM OF THE 2ND |
Columbus Clippers batting - Pitching for Charlotte Knights : LHP Joel Beery
|
Batting: RHB Chad Thompson
|
0-0: Ball 1-0: Ball 2-0: Ball 3-0: Called Strike 3-1: Base on Balls
|
Batting: LHB Zion Davidson
|
0-0: Ball 1-0: Foul Ball, location: 2F 1-1: Foul Ball, location: 2F 1-2: Ball 2-2: Strikes out swinging
|
Batting: RHB Jason Sher
|
0-0: Called Strike Pickoff Throw by Catcher to First - Out! 0-1: Foul Ball, location: 2F 0-2: Fly out, F8 (Flyball, 8RD, EV 96.2 MPH)
|
Bottom of the 2nd over - 0 runs, 0 hits, 0 errors, 0 left on base; Charlotte 0 - Columbus 0 |
TOP OF THE 3RD |
Charlotte Knights batting - Pitching for Columbus Clippers : RHP Matt Zambon
|
Batting: RHB Kikuo Sato
|
0-0: SINGLE (Groundball, 6MS, EV 70.6 MPH) (infield hit)
|
Batting: SHB Josh Conner
|
0-0: Foul Ball, location: 2F 0-1: Foul Ball, location: 2F 0-2: Fly out, F6 (Popup, 6M, EV 63.8 MPH)
|
Batting: RHB Steve Waltenbery
|
0-0: Foul Ball, location: 2F 0-1: Fly out, F8 (Flyball, 8RD, EV 83.8 MPH)
|
Batting: RHB Jeremy Hoffert
|
0-0: Called Strike 0-1: Ball 1-1: Called Strike 1-2: Ball 2-2: SINGLE (Flyball, 78S, EV 91.9 MPH) Kikuo Sato to second Runner from 2nd tries for 3rd, OUT! 7-5
|
Top of the 3rd over - 0 runs, 2 hits, 0 errors, 1 left on base; Charlotte 0 - Columbus 0 |
BOTTOM OF THE 3RD |
Columbus Clippers batting - Pitching for Charlotte Knights : LHP Joel Beery
|
Batting: RHB Kyle Scruggs
|
0-0: Ball 1-0: Ground out 6-3 (Groundball, 6, EV 110.6 MPH)
|
Batting: RHB Justin Ganey
|
0-0: Ball 1-0: Foul Ball, location: 2F 1-1: Ball 2-1: Ball 3-1: Base on Balls
|
Batting: RHB George Wagner
|
0-0: Swinging Strike 0-1: Ball 1-1: Foul Ball, location: 2F 1-2: SINGLE (Groundball, 34S, EV 68.8 MPH) (infield hit) Justin Ganey to second
|
Batting: SHB Scott Scott
|
0-0: Called Strike 0-1: Fly out, F9 (Line Drive, 89M, EV 97.5 MPH)
|
Batting: RHB Mike Quackenbush
|
0-0: Ball 1-0: Swinging Strike 1-1: Ball 2-1: Ball 3-1: Base on Balls Justin Ganey to third George Wagner to second
|
Batting: LHB Zack Berney
|
0-0: Ball 1-0: Foul Ball, location: 2F 1-1: GRAND SLAM HOME RUN (Flyball, 9D, EV 107.5 MPH), Distance : 402 ft
|
Batting: RHB Chad Thompson
|
0-0: Called Strike 0-1: Ball 1-1: Ground out 6-3 (Groundball, 6, EV 97.5 MPH)
|
Bottom of the 3rd over - 4 runs, 2 hits, 0 errors, 0 left on base; Charlotte 0 - Columbus 4 |
TOP OF THE 4TH |
Charlotte Knights batting - Pitching for Columbus Clippers : RHP Matt Zambon
|
Batting: SHB Ruben Velasco Jr.
|
0-0: Foul Ball, location: 2F 0-1: Foul Ball, location: 2F 0-2: Ball 1-2: Fly out, F5 (Popup, 5SF, EV 69.4 MPH)
|
Batting: LHB Justin Stickney
|
0-0: Called Strike 0-1: Called Strike 0-2: Ground out 6-3 (Groundball, 6M, EV 81.9 MPH)
|
Batting: LHB Ricardo Pagan
|
0-0: Ball 1-0: Foul Ball, location: 2F 1-1: Foul Ball, location: 2F 1-2: Ball 2-2: Ball 3-2: Foul Ball, location: 2F 3-2: Foul Ball, location: 2F 3-2: Foul Ball, location: 2F 3-2: Fly out, F7 (Flyball, 78M, EV 96.9 MPH)
|
Top of the 4th over - 0 runs, 0 hits, 0 errors, 0 left on base; Charlotte 0 - Columbus 4 |
BOTTOM OF THE 4TH |
Columbus Clippers batting - Pitching for Charlotte Knights : LHP Joel Beery
|
Batting: LHB Zion Davidson
|
0-0: Ball 1-0: Swinging Strike 1-1: Ground out 5-3 (Groundball, 5, EV 86.9 MPH)
|
Batting: RHB Jason Sher
|
0-0: SINGLE (Groundball, 4MD, EV 108.8 MPH)
|
Batting: RHB Kyle Scruggs
|
0-0: Called Strike Jason Sher is caught stealing 2nd base 2-4 0-1: Ball 1-1: Ball 2-1: Called Strike 2-2: Ball 3-2: Foul Ball, location: 2F 3-2: Base on Balls
|
Batting: RHB Justin Ganey
|
0-0: Called Strike 0-1: Swinging Strike 0-2: Ground out 4-3 (Groundball, 34S, EV 90.0 MPH)
|
Bottom of the 4th over - 0 runs, 1 hit, 0 errors, 1 left on base; Charlotte 0 - Columbus 4 |
TOP OF THE 5TH |
Charlotte Knights batting - Pitching for Columbus Clippers : RHP Matt Zambon
|
Batting: RHB Mike Warzecha
|
0-0: Called Strike 0-1: Ball 1-1: SINGLE (Line Drive, 34D, EV 101.9 MPH)
|
Batting: RHB Micah Brown
|
0-0: Ball 1-0: Grounds into double play, 6-4-3 (Groundball, 6, EV 90.6 MPH)
|
Batting: RHB Kikuo Sato
|
0-0: Ball 1-0: Called Strike 1-1: Ball 2-1: Foul Ball, location: 2F 2-2: Ground out 2-3 (Groundball, 2L, EV 72.5 MPH)
|
Top of the 5th over - 0 runs, 1 hit, 0 errors, 0 left on base; Charlotte 0 - Columbus 4 |
BOTTOM OF THE 5TH |
Columbus Clippers batting - Pitching for Charlotte Knights : LHP Joel Beery
|
Batting: RHB George Wagner
|
0-0: Ball 1-0: Ball 2-0: Ball 3-0: Called Strike 3-1: Ground out 5-3 (Groundball, 56S, EV 85.0 MPH)
|
Batting: SHB Scott Scott
|
0-0: Called Strike 0-1: Ball 1-1: Swinging Strike 1-2: Fly out, F8 (Flyball, 8RD, EV 96.2 MPH)
|
Batting: RHB Mike Quackenbush
|
0-0: Ball 1-0: Ball 2-0: SINGLE (Groundball, 6D, EV 95.0 MPH)
|
Batting: LHB Zack Berney
|
0-0: Ball 1-0: Foul Ball, location: 2F 1-1: Foul Ball, location: 2F 1-2: Ball 2-2: Foul Ball, location: 2F 2-2: Ball 3-2: Ground out 5-3 (Groundball, 56, EV 105.0 MPH)
|
Bottom of the 5th over - 0 runs, 1 hit, 0 errors, 1 left on base; Charlotte 0 - Columbus 4 |
TOP OF THE 6TH |
Charlotte Knights batting - Pitching for Columbus Clippers : RHP Matt Zambon
|
Batting: SHB Josh Conner
|
0-0: Ball 1-0: Called Strike 1-1: Foul Ball, location: 2F 1-2: Ball 2-2: Ball 3-2: Foul Ball, location: 2F 3-2: Fly out, F3 (Popup, 34, EV 76.2 MPH)
|
Batting: RHB Steve Waltenbery
|
0-0: Called Strike 0-1: Ball 1-1: Fly out, F8 (Flyball, 8RD, EV 95.0 MPH)
|
Batting: RHB Jeremy Hoffert
|
0-0: Called Strike 0-1: Ball 1-1: Ball 2-1: Ball 3-1: Called Strike 3-2: Foul Ball, location: 2F 3-2: Strikes out swinging
|
Top of the 6th over - 0 runs, 0 hits, 0 errors, 0 left on base; Charlotte 0 - Columbus 4 |
BOTTOM OF THE 6TH |
Columbus Clippers batting - Pitching for Charlotte Knights : LHP Joel Beery
|
Batting: RHB Chad Thompson
|
0-0: Ball 1-0: Ball 2-0: Called Strike 2-1: Foul Ball, location: 2F 2-2: DOUBLE (Line Drive, 5D, EV 95.0 MPH)
|
Batting: LHB Zion Davidson
|
0-0: Called Strike 0-1: Ball 1-1: Foul Ball, location: 2F 1-2: Ball 2-2: Ball 3-2: Foul Ball, location: 2F 3-2: Foul Ball, location: 2F 3-2: Ground out U3 (Groundball, 3S, EV 80.0 MPH) Chad Thompson to third
|
Batting: RHB Jason Sher
|
0-0: Foul Ball, location: 2F 0-1: Ball 1-1: Ball 2-1: Ball 3-1: Called Strike 3-2: Base on Balls
|
Pitching: RHP Dicky Goedhart
|
|
Batting: RHB Kyle Scruggs
|
0-0: Called Strike Jason Sher steals 2nd base 0-1: Called Strike 0-2: Strikes out swinging
|
Batting: RHB Justin Ganey
|
0-0: Ball 1-0: SINGLE (Groundball, 34, EV 105.0 MPH) Chad Thompson scores Jason Sher to third Runner from 3rd tries for Home, throw by RF and OUT! 9-2
|
Bottom of the 6th over - 1 run, 2 hits, 0 errors, 1 left on base; Charlotte 0 - Columbus 5 |
TOP OF THE 7TH |
Charlotte Knights batting - Pitching for Columbus Clippers : RHP Matt Zambon
|
Now at 1B: Eddie LaRose
|
|
Now at 2B: Jason Sher
|
|
Batting: SHB Ruben Velasco Jr.
|
0-0: Ball 1-0: Foul Ball, location: 2F 1-1: Swinging Strike 1-2: Ball 2-2: Ball 3-2: SINGLE (Groundball, 4MD, EV 98.1 MPH)
|
Batting: LHB Justin Stickney
|
0-0: Ball 1-0: Ball 2-0: Ball 3-0: Foul Ball, location: 2F 3-1: Foul Ball, location: 2F 3-2: Foul Ball, location: 2F 3-2: Base on Balls Ruben Velasco Jr. to second
|
Batting: LHB Ricardo Pagan
|
0-0: Ball 1-0: Foul Ball, location: 2F 1-1: Foul Ball, location: 2F 1-2: Hit by Pitch Ruben Velasco Jr. to third Justin Stickney to second
|
Batting: RHB Mike Warzecha
|
0-0: Ball 1-0: Ball 2-0: Foul Ball, location: 2F 2-1: Grounds into double play, 4-6-3 (Groundball, 4, EV 83.8 MPH) Ruben Velasco Jr. scores Justin Stickney to third
|
Pitching: RHP Paul Lewis
|
|
Batting: RHB Micah Brown
|
0-0: Called Strike 0-1: Ground out 5-3 (Groundball, 56, EV 78.8 MPH)
|
Top of the 7th over - 1 run, 1 hit, 0 errors, 1 left on base; Charlotte 1 - Columbus 5 |
BOTTOM OF THE 7TH |
Columbus Clippers batting - Pitching for Charlotte Knights : RHP Dicky Goedhart
|
Batting: RHB George Wagner
|
0-0: Ball 1-0: Called Strike 1-1: Ball 2-1: Ball 3-1: Base on Balls
|
Batting: RHB Eddie LaRose
|
0-0: Ball George Wagner steals 2nd base 1-0: Foul Ball, location: 2F 1-1: Called Strike 1-2: Ground out 4-3 (Groundball, 4, EV 89.4 MPH) George Wagner to third
|
Batting: RHB Mike Quackenbush
|
0-0: Called Strike 0-1: Ball 1-1: Ball 2-1: Ball 3-1: Base on Balls
|
Batting: LHB Zack Berney
|
0-0: Ball Mike Quackenbush steals 2nd base 1-0: Intentional Walk
|
Batting: RHB Chad Thompson
|
0-0: Ball 1-0: SINGLE (Groundball, 4, EV 107.5 MPH) George Wagner scores Mike Quackenbush to third Zack Berney to second Runner from 3rd tries for Home, SAFE, throw by CF to home
|
Pitching: LHP Juan Fuentes
|
|
Batting: LHB Zion Davidson
|
0-0: Ball 1-0: Called Strike 1-1: Foul Ball, location: 2F 1-2: Fly out, F7 (Flyball, 7LM, EV 93.1 MPH)
|
Batting: RHB Jason Sher
|
0-0: Ball 1-0: Ball 2-0: Fielders Choice at 2nd, 5-4 (Groundball, 5, EV 111.2 MPH)
|
Bottom of the 7th over - 2 runs, 1 hit, 0 errors, 2 left on base; Charlotte 1 - Columbus 7 |
TOP OF THE 8TH |
Charlotte Knights batting - Pitching for Columbus Clippers : RHP Paul Lewis
|
Batting: RHB Kikuo Sato
|
0-0: Ball 1-0: Called Strike 1-1: Ball 2-1: Foul Ball, location: 2F 2-2: Fly out, F9 (Flyball, 89D, EV 103.1 MPH)
|
Batting: SHB Josh Conner
|
0-0: Foul Ball, location: 2F 0-1: Swinging Strike 0-2: Ground out 4-3 (Groundball, 4, EV 81.2 MPH)
|
Batting: RHB Steve Waltenbery
|
0-0: Foul Ball, location: 2F 0-1: Foul Ball, location: 2F 0-2: Ground out 5-3 (Groundball, 56S, EV 85.6 MPH)
|
Top of the 8th over - 0 runs, 0 hits, 0 errors, 0 left on base; Charlotte 1 - Columbus 7 |
BOTTOM OF THE 8TH |
Columbus Clippers batting - Pitching for Charlotte Knights : LHP Juan Fuentes
|
Batting: RHB Kyle Scruggs
|
0-0: Ball 1-0: Ball 2-0: Ball 3-0: Ground out 6-3 (Groundball, 6S, EV 61.2 MPH)
|
Batting: RHB Justin Ganey
|
0-0: Ball 1-0: Foul Ball, location: 2F 1-1: Foul Ball, location: 2F 1-2: Strikes out swinging
|
Batting: RHB George Wagner
|
0-0: Swinging Strike 0-1: Ball 1-1: Swinging Strike 1-2: Strikes out swinging
|
Bottom of the 8th over - 0 runs, 0 hits, 0 errors, 0 left on base; Charlotte 1 - Columbus 7 |
TOP OF THE 9TH |
Charlotte Knights batting - Pitching for Columbus Clippers : RHP Paul Lewis
|
Batting: RHB Jeremy Hoffert
|
0-0: Ground out U3 (Groundball, 13, EV 87.5 MPH)
|
Batting: SHB Ruben Velasco Jr.
|
0-0: Called Strike 0-1: Ball 1-1: Ground out 5-3 (Groundball, 56, EV 89.4 MPH)
|
Batting: LHB Justin Stickney
|
0-0: Ball 1-0: Swinging Strike 1-1: Ground out U3 (Groundball, 34, EV 93.1 MPH)
|
Top of the 9th over - 0 runs, 0 hits, 0 errors, 0 left on base; Charlotte 1 - Columbus 7 |
|